 Dungeon Crawl Stone Soup version 0.29-a0-284-gf9362112df (webtiles) character file.

Game seed: 7651166021503380143

28 Krypt the Skirmisher (level 3, -1/33 HPs)
             Began as a Hill Orc Fighter on Mar 14, 2022.
             Slain by Sigmund
             ... wielding a +1 scythe of freezing
              (7 damage)
             ... on level 2 of the Dungeon.
             The game lasted 00:03:41 (1246 turns).

Krypt the Skirmisher (Hill Orc Fighter)             Turns: 1246, Time: 00:03:42

Health: -1/33      AC: 10    Str: 18    XL:     3   Next: 14%
Magic:  3/3        EV:  6    Int: 14    God:
Gold:   89         SH:  4    Dex: 12    Spells: 2/2 levels left

rFire   . . .      SeeInvis .   a - +0 war axe
rCold   . . .      Faith    .   c - +0 buckler
rNeg    . . .      Spirit   .   e - +0 chain mail
rPois   .          Reflect  .   (no helmet)
rElec   .          Harm     .   (no cloak)
rCorr   .          Rampage  .   f - +0 pair of gloves
Will    .....                   (no boots)
Stlth   ..........              (no amulet)
HPRegen 0.11/turn               j - +6 ring of intelligence
MPRegen 0.08/turn               (no ring)

@: mighty
A: no striking features
a: no special abilities


You were on level 2 of the Dungeon.
You visited 1 branch of the dungeon, and saw 2 of its levels.

You collected 89 gold pieces.

Inventory:

Hand Weapons
 a - a +0 war axe (weapon)
Missiles
 n - 3 boomerangs (quivered)
 o - 26 stones
Armour
 b - a +0 scale mail
 c - a +0 buckler (worn)
 e - a +0 chain mail (worn)
 f - a +0 pair of gloves (worn)
Jewellery
 j - a +6 ring of intelligence (left hand)
Scrolls
 g - a scroll of teleportation {unknown}
 i - a scroll of vulnerability {unknown}
 k - a scroll of fear {unknown}
 m - 2 scrolls of identify
Potions
 d - a potion of might
 h - a potion of curing
 l - a potion of degeneration


   Skills:
 + Level 3.9 Fighting
 + Level 3.4 Axes
 + Level 3.7 Armour
 + Level 3.6 Shields


You had 2 spell levels left.
You didn't know any spells.
Your spell library was empty.

Dungeon Overview and Level Annotations

Branches:
Dungeon (2/15)

Altars:

Shops:
D:1 =

Annotations:
D:2 Sigmund


Message History

Press: ? - help, Q - select action, (/) - cycle Shift-Dir - straight line, f/p - Sigmund
Aim: Sigmund, wielding a +1 scythe of freezing and wearing a +0 robe (53% to hit)
You throw a boomerang. The boomerang closely misses Sigmund.
A worm comes into view.
Throw: 4 boomerangs
Press: ? - help, Q - select action, (/) - cycle Shift-Dir - straight line, f/p - Sigmund
Aim: Sigmund, wielding a +1 scythe of freezing and wearing a +0 robe (53% to hit)
You throw a boomerang. The boomerang barely misses Sigmund.
Sigmund casts a spell.
Sigmund flickers and vanishes!
Deactivating autopickup; reactivate with Ctrl-A.
Throw: 4 boomerangs
Press: ? - help, Q - select action, (/) - cycle Shift-Dir - straight line, f - worm
Aim: a worm (77% to hit)
You throw a boomerang. The boomerang hits the worm.
The worm is moderately wounded.
A bat comes into view.
The bat moves out of view.
Throw: 3 boomerangs
Press: ? - help, Q - select action, (/) - cycle Shift-Dir - straight line, f/p - worm
Aim: a worm (moderately wounded, 77% to hit)
You throw a boomerang. The boomerang hits the worm.
The worm is heavily wounded.
Something hits you but does no damage.
Throw: 3 boomerangs
Press: ? - help, Q - select action, (/) - cycle Shift-Dir - straight line, f/p - worm
Aim: a worm (heavily wounded, 77% to hit)
You throw a boomerang. The boomerang barely misses the worm.
Something hits you! Something freezes you. Something hits you!
Something freezes you.
* * * LOW HITPOINT WARNING * * *
You hear some strange, mumbled words.
A magic dart appears from out of thin air!
The magic dart hits you.
* * * LOW HITPOINT WARNING * * *
You feel very mighty all of a sudden. Something hits you but does no damage.
You hit something. You closely miss something. Something hits you!
You die...

### #.# ..# ##.## #.#
####...#####. #.#
#............
#####.###.#....#####.
##..............#
#...###.#####.....# .
#.##.# ##...## #.@.#
##.## #{### #.# #w
#.# b# +# .# .# #. #


You could see a worm and a bat.

Vanquished Creatures
  2 ball pythons (D:1)
  An endoplasm (D:1)
  A giant cockroach (D:1)
  2 hobgoblins (D:1)
  4 jackals (D:1)
  A quokka (D:1)
  3 bats (D:1)
  4 frilled lizards (D:1)
  5 kobolds
  3 rats (D:1)
26 creatures vanquished.

Vanquished Creatures (others)
  A plant (D:2)
1 creature vanquished.

Grand Total: 27 creatures vanquished

Notes
Turn   | Place    | Note
-------+----------+-------------------------------------------
     0 | D:1      | Krypt the Hill Orc Fighter began the quest for the Orb.
     0 | D:1      | Reached XP level 1. HP: 19/19 MP: 1/1
   160 | D:1      | Found a faded altar of an unknown god.
   326 | D:1      | Reached XP level 2. HP: 27/27 MP: 2/2
   597 | D:1      | Found Zesavvuk's Jewellery Shop.
   667 | D:1      | Reached XP level 3. HP: 33/33 MP: 3/3
  1235 | D:2      | Noticed Sigmund
  1246 | D:2      | Slain by Sigmund

Illustrated notes

Levels and vault maps discovered:
D:1:      amcnicky_arrival_wind_blow, layout_basic, serial_shops,
          nicolae_square_shop, shapermc_ecumenical_altar_venn,
          minmay_misc_feat_five, minmay_split_cup_large
D:2:      layout_loops_corners, serial_bayou, serial_bayou_pond_e,
          serial_bayou_shore_a, serial_bayou_pond_e, serial_bayou_pond_d,
          serial_shops, shop, shop, shop_coins, nicolae_lakefront_shop,
          uniq_sigmund

Skill      XL: |  1  2 |
---------------+-------+-----
Axes           | 3 |  3.4
Fighting       | |  3.9
Armour         | |  3.7
Shields        | |  3.6

Action                   || total
-------------------------++-------
Melee: War axe           ||    78
Throw: Boomerang         ||     7
  Use: Scroll            ||     2
       Potion            ||     1
Armor: Scale mail        ||    29
       Chain mail        ||    17
Dodge: Dodged            ||    42
Block: Buckler           ||    18

Table legend: (Time is in decaauts)
 A = Elapsed time spent in this place.
 B = Non-inter-level travel time spent in this place.
 C = Inter-level travel time spent in this place.
 D = Time resting spent in this place.
 E = Time spent auto-exploring this place.
 F = Levels seen in this place.
 G = Mean time per level.
                   A        B        C        D        E       F      G
               +--------+--------+--------+--------+--------+-----+--------+
         Total |   1278 |   1184 |     94 |      0 |    890 |   2 |  639.0 |
       Dungeon |   1278 |   1184 |     94 |      0 |    890 |   2 |  639.0 |
               +--------+--------+--------+--------+--------+-----+--------+

Top non-repeatable levels by time:
     D:1: 1208 daAuts
     D:2: 69 daAuts
